 Dungeon Crawl Stone Soup version 0.18.1-48-g4cf74bf (webtiles) character file.

2629 NineWeeks the Vexing (level 9, 0/49 HPs)
             Began as a Vine Stalker Enchanter on Aug 8, 2016.
             Was a Priest of Dithmenos.
             Slain by a troll (6 damage)
             ... on level 9 of the Dungeon.
             The game lasted 00:27:26 (5803 turns).

NineWeeks the Vexing (Vine Stalker Enchanter)       Turns: 5803, Time: 00:27:27

Health: 0/49       AC: 12    Str: 14    XL:     9   Next: 61%
Magic:  0/14       EV: 14    Int: 15    God:    Dithmenos [***...]
Gold:   346        SH:  0    Dex: 15    Spells: 4 memorised, 5 levels left

rFire  + . .     SeeInvis +     f - +2 whip (distort)
rCold  . . .     Gourm    .     N - +4 robe of Night {+Inv MR+ SInv Stlth+}
rNeg   . . .     Faith    +     (no shield)
rPois  .         Spirit   +     S - +2 helmet
rElec  .         Dismiss  .     B - +0 cloak
rCorr  +         Reflect  .     A - +0 pair of gloves
SustAt .         Harm     .     O - +0 pair of boots
MR     ++...                    C - amulet of faith
Stlth  ++++++....               M - ring of resist corrosion
                                K - ring of protection from fire

@: wreathed by umbra, very resistant to hostile enchantments, very stealthy
A: fangs 3, regeneration 2, magic shield, antimagic bite, no device heal 3, rot
immunity
a: Shadow Step, Renounce Religion, Evoke Invisibility


You were on level 9 of the Dungeon.
You worshipped Dithmenos.
Dithmenos was most pleased with you.
You were hungry.

You visited 1 branch of the dungeon, and saw 9 of its levels.

You collected 346 gold pieces.

Inventory:

Hand Weapons
 a - a +1 dagger
 f - a +2 whip of distortion (weapon)
Missiles
 j - 27 poisoned needles
Armour
 l - a +0 shield
 A - a +0 pair of gloves (worn)
 B - a +0 cloak (worn)
 N - the +4 robe of Night (worn) {+Inv MR+ SInv Stlth+}
   (You found it on level 6 of the Dungeon)

   It affects your resistance to hostile enchantments.
   It lets you see invisible.
   It lets you turn invisible.
   It makes you more stealthy.
 O - a +0 pair of boots (worn)
 Q - a +3 chain mail
 S - a +2 helmet (worn)
Jewellery
 y - an uncursed amulet of rage
 C - an amulet of faith (around neck)
 G - an uncursed amulet of regeneration {unknown}
 K - a ring of protection from fire (left hand)
 M - a ring of resist corrosion (right hand)
Wands
 s - a wand of disintegration (19/24)
 u - a wand of slowing (28/48)
 E - a wand of enslavement (13/24)
 I - a wand of iceblast (3/15)
Scrolls
 e - 2 scrolls of magic mapping
 g - 2 scrolls of remove curse
 i - 4 scrolls of identify
 m - 4 scrolls of noise {unknown}
 n - 4 scrolls of teleportation {unknown}
 o - 2 scrolls of random uselessness {unknown}
 r - 2 scrolls of fear {unknown}
 x - 2 scrolls of recharging {unknown}
 H - a scroll of fog {unknown}
 J - a scroll of immolation {unknown}
Potions
 b - a potion of cure mutation {unknown}
 h - a potion of lignification
 p - 2 potions of resistance
 q - 2 potions of brilliance {unknown}
 t - 2 potions of flight {unknown}
 v - a potion of beneficial mutation {unknown}
 z - 2 potions of berserk rage {unknown}
 F - a potion of degeneration {unknown}
 L - a potion of heal wounds {unknown}
 P - a potion of mutation {unknown}
 T - a potion of might {unknown}
Books
 c - a book of Maledictions

   Spells                             Type                      Level
   a - Corona                         Hexes                        1
   b - Ensorcelled Hibernation        Hexes/Ice                    2
   c - Confuse                        Hexes                        3
   d - Tukima's Dance                 Hexes                        3
   e - Dazzling Spray                 Conjuration/Hexes            3
 R - a book of Envenomations

   Spells                             Type                      Level
   a - Spider Form                    Transmutation/Poison         3
   b - Olgreb's Toxic Radiance        Poison                       4
   c - Alistair's Intoxication        Transmutation/Poison         5
   d - Poisonous Cloud                Conjuration/Poison/Air       6
Comestibles
 d - 7 bread rations
 k - 6 meat rations
 w - 13 fruits
 D - a beef jerky


   Skills:
 * Level 6.7 Fighting
 - Level 3.1 Short Blades
 * Level 1.3 Armour
 - Level 4.0 Dodging
 - Level 6.0 Stealth
 * Level 1.5 Shields
 - Level 3.0 Spellcasting
 - Level 7.0 Hexes
 - Level 2.2 Ice Magic


You had 5 spell levels left.
You knew the following spells:

 Your Spells              Type           Power        Failure   Level  Hunger
a - Corona                Hex            ###....      1%          1    #......
b - Ensorcelled Hibernat  Hex/Ice        ###...       6%          2    ##.....
c - Confuse               Hex            ###.....     3%          3    ###....
d - Tukima's Dance        Hex            ###.....     3%          3    ###....


Dungeon Overview and Level Annotations

Branches:
Dungeon (9/15)             Temple (0/1) D:5
   Lair: D:8-11         Orc: D:9-12

Altars:
Ashenzari
Dithmenos
Elyvilon
Gozag
Okawaru
Ru
Yredelemnul
Zin

Shops:
D:4 =

Annotations:
D:3 Grinder
D:8 Pikel


Innate Abilities, Weirdness & Mutations

You have razor-sharp teeth.
You heal very quickly.
When hurt, damage is shared between your health and your magic reserves.
Your bite disrupts and absorbs the magic of your enemies.
Potions and wands cannot restore your health.
You are immune to rotting.


Message History

The troll bites you! The troll claws you but does no damage.
The troll claws you!
You closely miss the troll. You bite the troll. You drain its power.
You feel invigorated.
The troll is moderately wounded.
The troll bites you. The troll barely misses you. The troll claws you.
Okay, then.
You barely miss the troll.
The troll is moderately wounded.
The troll bites you! The troll barely misses you. The troll closely misses you.
The troll bites you!
* * * LOW HITPOINT WARNING * * *
The troll claws you!
* * * LOW HITPOINT WARNING * * *
The troll closely misses you.
You don't have enough magic at the moment.
You whack the troll!
Space bends around the troll.
The troll is heavily wounded.
The troll bites you!
You die...

## ################ .#
................ .#
..........T..... .#
.........@...... .#
#................ .#
#................ .#
#................
.######................
......................
....................
...................
#.................


You could see a troll.

Vanquished Creatures
  A hippogriff (D:8)
  A water moccasin (D:8)
  A sky beast (D:5)
  An ice beast (D:5)
  An orc warrior (D:7)
  2 phantoms (D:8)
  4 slaves (D:8)
  A black bear (D:8)
  2 ogres
  A centaur (D:8)
  A giant frog (D:8)
  3 scorpions
  4 killer bees (D:7)
  A howler monkey (D:5)
  8 crimson imps
  A quasit (D:7)
  A centaur zombie (D:7)
  A hound (D:8)
  2 centaur skeletons
  Crazy Yiuf (D:3)
  An orc priest (D:8)
  An iguana (D:4)
  3 orc wizards
  2 worker ants (D:6)
  A killer bee zombie (D:7)
  2 hound skeletons
  A howler monkey zombie (D:8)
  2 gnolls (D:2)
  A howler monkey skeleton (D:7)
  7 adders
  2 shadow imps
  An ooze (D:1)
  An adder skeleton (D:4)
  3 worms
  7 giant geckos
  16 orcs
  2 ball pythons
  7 giant cockroaches
  6 goblins
  9 hobgoblins
  A jackal (D:2)
  4 quokkas
  3 bats
  4 giant newts
  A jackal skeleton (D:6)
  8 kobolds
  A quokka skeleton (D:4)
  6 rats
141 creatures vanquished.

Vanquished Creatures (others)
  A spriggan (D:8)
  A water moccasin (D:8)
  An orc priest (D:8)
  2 iguanas
  3 orcs
8 creatures vanquished.

Grand Total: 149 creatures vanquished

Notes
Turn   | Place    | Note
--------------------------------------------------------------
     0 | D:1      | NineWeeks the Vine Stalker Enchanter began the quest for the Orb.
     0 | D:1      | Reached XP level 1. HP: 9/9 MP: 4/4
    10 | D:1      | Reached skill level 1 in Short Blades
    36 | D:1      | Reached XP level 2. HP: 13/13 MP: 6/6
   246 | D:1      | Reached XP level 3. HP: 9/16 MP: 7/7
   601 | D:2      | Reached skill level 5 in Stealth
   640 | D:2      | Found a shadowy altar of Dithmenos.
   643 | D:2      | Became a worshipper of Dithmenos the Shadowed
   647 | D:2      | Learned a level 2 spell: Ensorcelled Hibernation
   778 | D:2      | Reached XP level 4. HP: 16/21 MP: 5/8
   895 | D:2      | Found a sacrificial altar of Ru.
   956 | D:2      | Reached skill level 4 in Hexes
  1022 | D:2      | Reached XP level 5. HP: 24/24 MP: 9/9
  1291 | D:3      | Reached * piety under Dithmenos
  1313 | D:3      | Reached skill level 1 in Ice Magic
  1320 | D:3      | Found a white marble altar of Elyvilon.
  1497 | D:3      | Noticed Grinder
  1498 | D:3      | Paralysed by Grinder for 3 turns
  1847 | D:4      | Found Ryt Baaff's Jewellery Emporium.
  1910 | D:4      | Noticed an ogre
  1915 | D:4      | Killed an ogre
  1915 | D:4      | Reached skill level 1 in Fighting
  1915 | D:4      | Gained mutation: You heal very quickly. [Vine Stalker growth]
  1915 | D:4      | Reached XP level 6. HP: 30/30 MP: 7/10
  2439 | D:3      | Noticed Crazy Yiuf
  2444 | D:3      | Killed Crazy Yiuf
  2513 | D:5      | Entered Level 5 of the Dungeon
  2514 | D:5      | Found a staircase to the Ecumenical Temple.
  2606 | D:5      | Reached XP level 7. HP: 35/35 MP: 9/11
  2760 | D:5      | Reached skill level 5 in Hexes
  2987 | D:5      | Reached ** piety under Dithmenos
  2987 | D:5      | Gained mutation: You have razor-sharp teeth. [Vine Stalker growth]
  2987 | D:5      | Reached XP level 8. HP: 15/40 MP: 2/13
  3042 | D:5      | Found an opulent altar of Gozag.
  3045 | D:5      | Found a basalt altar of Yredelemnul.
  3048 | D:5      | Found a shattered altar of Ashenzari.
  3463 | D:6      | Found a shattered altar of Ashenzari.
  4124 | D:7      | Learned a level 3 spell: Confuse
  4415 | D:7      | Reached skill level 6 in Hexes
  4589 | D:7      | Learned a level 3 spell: Tukima's Dance
  5042 | D:8      | Reached skill level 5 in Fighting
  5042 | D:8      | Reached XP level 9. HP: 33/47 MP: 10/14
  5167 | D:8      | Reached *** piety under Dithmenos
  5333 | D:8      | Found a glowing silver altar of Zin.
  5359 | D:8      | Reached skill level 7 in Hexes
  5365 | D:8      | Noticed Pikel
  5371 | D:8      | Found an iron altar of Okawaru.
  5465 | D:8      | Reached skill level 1 in Armour
  5465 | D:8      | Reached skill level 1 in Shields
  5725 | D:9      | Noticed a troll
  5794 | D:9      | Noticed a troll
  5803 | D:9      | Slain by a troll

Skill      XL: |  1  2  3  4  5  6  7  8  9 |
---------------+----------------------------+-----
Short Blades   | 1 2 3 |  3.1
Stealth        | 4 5 6 |  6.0
Hexes          | 4 5 6 7 |  7.0
Ice Magic      | 2 |  2.2
Fighting       | 1 2 3 5 6 |  6.7
Dodging        | 2 4 |  4.0
Spellcasting   | 3 |  3.0
Armour         | 1 |  1.3
Shields        | 1 |  1.5

Action                   |  1- 3 |  4- 6 |  7- 9 || total
-------------------------+-------+-------+-------++-------
Melee: Dagger            |   118 |   148 |       ||   266
       Bite              |    29 |    38 |    85 ||   152
       Whip              |       |    14 |   327 ||   341
 Cast: Ensorcelled Hiber |     2 |    11 |     5 ||    18
       Corona            |       |    16 |       ||    16
  Use: Scroll            |       |     5 |     1 ||     6
 Stab: Sleeping          |     5 |    22 |    28 ||    55
       Distracted        |     1 |       |     4 ||     5
       Paralysed         |       |     1 |       ||     1
  Eat: Chunk             |       |     1 |    10 ||    11
       Beef jerky        |       |     1 |       ||     1
       Bread ration      |       |     1 |       ||     1
Armor: Robe              |    20 |    23 |    94 ||   137
Dodge: Dodged            |    65 |    76 |   233 ||   374
